 Dungeon Crawl Stone Soup version 0.30.1 (webtiles) character file.

Game seed: 671931292056971753

854 AIAndy the Grappler (level 7, -2/66 HPs)
             Began as a Troll Chaos Knight on July 5, 2023.
             Was a Plaything of Xom.
             Slain by Duvessa
             ... wielding a +0 short sword
              (11 damage)
             ... on level 4 of the Dungeon.
             The game lasted 00:11:17 (2831 turns).

AIAndy the Grappler (Troll Chaos Knight)            Turns: 2831, Time: 00:11:18

Health: -2/66      AC:  6    Str: 23      XL:     7   Next: 70%
Magic:  6/6        EV: 10    Int:  7 (8)  God:    Xom [.*....]
Gold:   280        SH:  0    Dex: 15      Spells: 6/6 levels left

rFire   . .          .
                       - Unarmed
rCold   x . .        (no shield)
rNeg    . . .        a - +2 robe
rPois   .            (helmet restricted)
rElec   .            (no cloak)
rCorr   .            (gloves unavailable)
SInv    .            (boots unavailable)
Will    +....        l - amulet of the acrobat
Stlth   +            m - ring of willpower
HPRegen 1.11/turn    z - +6 ring of dexterity
MPRegen 0.10/turn

%: acrobat
@: no status effects
A: large, unfitting armour, claws 3, regeneration 1, shaggy fur 1, tough skin 1,
deterioration 1, cold vulnerability 1
a: Renounce Religion


You were on level 4 of the Dungeon.
You worshipped Xom.
You were a plaything of Xom.
You visited 1 branch of the dungeon, and saw 4 of its levels.

You collected 280 gold pieces.

Inventory:

Missiles
 v - 13 poisoned darts (quivered)
 w - a curare-tipped dart
Armour
 a - a +2 robe (worn)
 x - a +0 robe of willpower
Jewellery
 l - an amulet of the acrobat (around neck)
 m - a ring of willpower (left claw)
 z - a +6 ring of dexterity (right claw)
Wands
 s - a wand of light (8)
 y - a wand of flame (11)
Scrolls
 c - 3 scrolls of identify {unknown}
 e - a scroll of magic mapping {unknown}
 g - a scroll of brand weapon {unknown}
 h - 2 scrolls of enchant weapon {unknown}
 j - a scroll of summoning {unknown}
 o - a scroll of poison {unknown}
 p - a scroll of acquirement {unknown}
 r - a scroll of vulnerability {unknown}
 t - 2 scrolls of immolation {unknown}
Potions
 d - 3 potions of mutation {unknown}
 f - a potion of brilliance {unknown}
 i - 2 potions of might {unknown}
 k - a potion of curing {unknown}
 n - a potion of attraction {unknown}
 q - a potion of flight {unknown}
 u - a potion of heal wounds {unknown}
Miscellaneous
 b - a piece from Xom's chessboard (15/15)


   Skills:
 - Level 2.4 Fighting
 - Level 1.9 Dodging
 + Level 9.3 Unarmed Combat


You had 6 spell levels left.
You didn't know any spells.
Your spell library contained the following spells:

 Spells                   Type           Power      Damage    Failure   Level
 Blink                    Tloc           0%         N/A       56%         2
 Lesser Beckoning         Tloc           0%         N/A       56%         2
 Momentum Strike          Conj/Tloc      0%         3d8       56%         2
 Call Canine Familiar     Summ           0%         N/A       80%         3
 Frozen Ramparts          Ice            0%         1d1       80%         3
 Portal Projectile        Hex/Tloc       0%         N/A       80%         3
 Ice Form                 Ice/Tmut       0%         N/A       99%         4
 Leda's Liquefaction      Hex/Erth       0%         N/A       99%         4
 Summon Ice Beast         Ice/Summ       0%         N/A       99%         4


Dungeon Overview and Level Annotations

Branches:
Dungeon (4/15)             Temple (0/1) D:4

Altars:
Kikubaaqudgha
Makhleb

Annotations:
D:4 Duvessa


Innate Abilities, Weirdness & Mutations

You are too large for most types of armour.
You have claws for hands.
Your natural rate of healing is unusually fast.
You are covered in fur. (AC +1)
You have tough skin. (AC +1)
Your body sometimes deteriorates upon taking damage.
You are vulnerable to cold. (rC-)


Message History

Unknown command.
You see here a scroll labelled XECOST POLADA.
c - 3 scrolls labelled XECOST POLADA (gained 1) Dowan, Brother of Duvessa comes into view.
He is wielding a +0 dagger. "Hum-dee-hum-dee-hum..."
Dowan is moving more slowly.
Dowan closely misses you. Something hits you! Something misses you.
Dowan stops moving altogether!
Something closely misses you.
You miss something. Something hits you.
You claw something! Something hits you but does no damage.
You scratch something but do no damage. Something hits you.
You closely miss something. Something barely misses you. Something misses you.
The helpless Dowan fails to defend himself.
You mangle Dowan!!
Dowan is severely wounded.
Something hits you.
The helpless Dowan fails to defend himself.
You scratch Dowan.
Dowan is severely wounded.
The helpless Dowan fails to defend himself.
You claw Dowan!
Dowan is almost dead.
Something hits you!
Your body deteriorates!
You feel dopey.
The helpless Dowan fails to defend himself.
You mangle Dowan!!
You kill Dowan!
Something screams in rage.
Something hits you!
You barely miss something. Your claw misses something. Something hits you!
Something hits you.
You claw something! Something hits you!
* * * LOW HITPOINT WARNING * * *
You miss something. Something hits you!
* * * LOW HITPOINT WARNING * * *
You closely miss something. Something hits you!
You die...

# ############................
#
###########..............####..
# #..................... ..#
#.. # #.....................
#### ###.....................
###... ........................
...... ####....................
..#... #............)### #..
#............@# #.
##########...{# # #....#
######## ###### #......#
#......### #........#
#....⌠8..# #........###
#..>.⌠8.....


There were no monsters in sight!

Vanquished Creatures
  Pargi (D:4)
  An ogre (D:4)
  2 kobold brigands (D:4)
  2 scorpions (D:4)
  Dowan (D:4)
  A hound (D:4)
  An orc priest (D:3)
  A sleepcap (D:4)
  An orc wizard (D:3)
  7 gnolls (D:4)
  5 adders
  2 worms (D:3)
  3 dart slugs
  3 orcs (D:3)
  A bat zombie (D:3)
  10 endoplasms
  2 giant cockroaches
  11 goblins
  16 hobgoblins
  2 jackals (D:1)
  2 quokkas (D:1)
  8 ball pythons
  3 bats
  8 frilled lizards
  55 kobolds
  A rat (D:1)
150 creatures vanquished.

Notes
Turn   | Place    | Note
-------+----------+-------------------------------------------
     0 | D:1      | AIAndy the Troll Chaos Knight began the quest for the Orb.
     0 | D:1      | Reached XP level 1. HP: 22/22 MP: 0/0
    69 | D:1      | Reached XP level 2. HP: 26/29 MP: 1/1
   239 | D:1      | Reached skill level 4 in Unarmed Combat
   338 | D:1      | Reached XP level 3. HP: 36/36 MP: 2/2
   381 | D:1      | XOM: divination: magic mapping
   653 | D:2      | XOM: silly message
   852 | D:2      | Reached XP level 4. HP: 44/44 MP: 3/3
  1085 | D:2      | XOM: divination: detect creatures
  1225 | D:2      | Reached skill level 5 in Unarmed Combat
  1537 | D:3      | Reached XP level 5. HP: 50/50 MP: 4/4
  1575 | D:3      | Found a burning altar of Makhleb.
  1575 | D:3      | Noticed a balrug
  1641 | D:3      | Reached skill level 6 in Unarmed Combat
  1923 | D:3      | Found an ancient bone altar of Kikubaaqudgha.
  2029 | D:4      | Noticed Pargi
  2038 | D:4      | XOM: potion effect (invisibility)
  2050 | D:4      | Killed Pargi
  2104 | D:4      | XOM is BORED!
  2104 | D:4      | XOM: give mutations
  2104 | D:4      | Gained mutation: You possess an exceptional clarity of
                  | mind. [Xom's mischief]
  2104 | D:4      | Gained mutation: You are vulnerable to cold. (rC-) [Xom's
                  | mischief]
  2104 | D:4      | Lost mutation: You possess an exceptional clarity of mind.
                  | [Xom's mischief]
  2104 | D:4      | Gained mutation: Your body sometimes deteriorates upon
                  | taking damage. [Xom's mischief]
  2152 | D:4      | XOM: 1-stop teleportation journey
  2168 | D:4      | Reached skill level 7 in Unarmed Combat
  2168 | D:4      | Reached XP level 6. HP: 49/59 MP: 5/5
  2274 | D:4      | XOM: potion effect (berserk rage)
  2290 | D:4      | XOM: summons 3 friendly demons
  2349 | D:4      | XOM: scenery: 3 doors open
  2411 | D:4      | Reached skill level 8 in Unarmed Combat
  2430 | D:4      | Reached XP level 7. HP: 66/66 MP: 6/6
  2666 | D:4      | Found a staircase to the Ecumenical Temple.
  2731 | D:4      | Reached skill level 9 in Unarmed Combat
  2807 | D:4      | Noticed Duvessa
  2809 | D:4      | Noticed Dowan
  2814 | D:4      | XOM: enchant monster (good)
  2827 | D:4      | Killed Dowan
  2831 | D:4      | Slain by Duvessa

Illustrated notes

Levels and vault maps discovered:
D:1:      dpeg_arrival_simpleton_b, layout_basic, minmay_misc_feat_alley,
          ebering_dispersal_statue_hall
D:2:      layout_basic, hex_medium, minmay_strange_pillars,
          hangedman_decor_growths, chequers_serial_rivers_large_b
D:3:      corexii_shack_village, layout_rooms,
          lemuel_zombie_altar_kikubaaqudgha, makhleb_altar_promises_db
D:4:      minmay_goblin_kobold_castle, layout_basic,
          minmay_temple_entry_drinking_statues, uniq_duvessa, uniq_pargi

Skill      XL: |  1  2  3  4  5  6  7 |
---------------+----------------------+-----
Unarmed Combat | 4 5 7 8 9 |  9.3
Fighting       | |  2.4
Dodging        | |  1.9

Action                     |  1- 3 |  4- 6 |  7- 9 || total
---------------------------+-------+-------+-------++-------
  Melee: Unarmed           |   105 |   177 |    83 ||   365
         Punch             |     1 |    10 |     1 ||    12
  Throw: Dart              |       |       |     3 ||     3
   Stab: Sleeping          |     1 |       |       ||     1
         Petrified         |       |       |     4 ||     4
 Armour: Robe              |    39 |    61 |    19 ||   119
  Dodge: Dodged            |    32 |   111 |    33 ||   176
